[Event "*** Titled Tuesday Blitz"]
[Site "Chess.com"]
[Date "2020.04.28"]
[Round "2"]
[White "erlesfar"]
[Black "1977Ivan"]
[Result "1-0"]
[WhiteElo "2351"]
[BlackElo "2633"]
[TimeControl "180+1"]
[EndTime "10:18:25 PDT"]
[Termination "erlesfar won by resignation"]

1. e4 c5 2. c3 d5 3. exd5 Nf6 4. d4 cxd4 5. cxd4 g6 6. Nc3 Nxd5 7. Bc4 Nb6 8. Bb3 Bg7 9. Nf3 Nc6 10. d5 Na5 11.
O-O O-O 12. Bg5 h6 13. Bh4 Bg4 14. Re1 g5 15. Bg3 Nac4 16. Bxc4 Nxc4 17. Qb3 Rc8 18. Ne5 Bxe5 19. Bxe5 Qb6 20. h3 Bh5 21. Re4 Nd2 22.
Qxb6 axb6 23. Rb4 Nc4 24. Bd4 Rfe8 25. Re1 Bg6 26. Bxb6 Nxb2 27. Rxb2 Rxc3 28. Be3 Rd3 29. Rxb7 Rxd5 30. Rc1 e5 31. h4 gxh4 32. Bxh6 Ra8 33.
Bg5 h3 34. gxh3 Rxa2 35. Bf6 Ra8 36. Rbc7 Kh7 37. Rc8 Rxc8 38. Rxc8 Be4 39. Re8 Kg6 40. Bxe5 Rd1+ 41. Kh2 Kf5 42. Bb8 Rh1+ 43. Kg3 Rg1+ 44.
Kh4 Rg7 45. Re5+ Kg6 46. Rxe4 Rh7+ 47. Kg3 f5 48. Re6+ Kf7 49. Rb6 1-0

[Event "*** Titled Tuesday Blitz"]
[Site "Chess.com"]
[Date "2020.04.28"]
[Round "2"]
[White "Xeslu"]
[Black "Pultis"]
[Result "1/2-1/2"]
[WhiteElo "2345"]
[BlackElo "2751"]
[TimeControl "180+1"]
[EndTime "10:18:25 PDT"]
[Termination "Game drawn by repetition"]

1. e4 c6 2. d4 d5 3. e5 Bf5 4. Nf3 e6 5. Nbd2 Ne7 6. Nb3 Nd7 7. Bd2 c5 8. dxc5 Nc6 9. Bb5 Bg4 10. O-O Nxc5 11. Nbd4 Rc8 12. Re1 a6 13. Bxc6+ bxc6 14. h3 Bh5 15. Bb4 Nd3 16. Qxd3 Bxb4 17. c3 Be7 18. Qxa6 Qd7 19. b4 O-O 20. a4 c5 21.
bxc5 Rxc5 22. Rec1 Rfc8 23. Qd3 Bd8 24. Nb5 Bb6 25.
Nd6 Ra8 26. Rcb1 Bc7 27. Nb5 Bxf3 28. Nxc7 Be4 29. Nxa8 Bxd3 30. Rb8+ Rc8 31. Nb6 Rxb8 32. Nxd7 Rc8 33. a5 Ba6 34. Rb1 Rxc3 35. Rb6 Rc1+ 36. Kh2 Bc8 37. Rb8 h5 38. Nb6 Kh7 39. Rxc8 Ra1 40. Rc5 d4 41. Nc4 d3 42. Ne3 Ra2 43.
Rc7 Kg6 44. Kg3 Rxa5 45. Rd7 Ra3 46. Kf3 f5 47. exf6 gxf6 48. g4 Ra2 49. gxh5+ Kxh5 50.
Re7 Kg6 51. Rxe6 Ra5 52. Rd6 Ra3 53. Kg3 Ra2 54. h4 Ra3 55. Rd4 f5 56. Kf4 Kh5 57. Nxf5 Ra6 58. Kf3 Rf6 59. Kf4 Ra6 60. Ng3+ Kxh4 61.
Ke3+ Kh3 62. Rxd3 Ra2 63. Ne4 Kg4 64. f3+ Kf5 65. Rd5+ Ke6 66. Rc5 Ra8 67. Kf4 Rf8+ 68. Ke3 Ra8 69. Rc6+ Kd5 70. Rc5+ Ke6 1/2-1/2

[Event "*** Titled Tuesday Blitz"]
[Site "Chess.com"]
[Date "2020.04.28"]
[Round "2"]
[White "Sanyura"]
[Black "Vincent_Vega95"]
[Result "1-0"]
[WhiteElo "2491"]
[BlackElo "2690"]
[TimeControl "180+1"]
[EndTime "10:18:26 PDT"]
[Termination "Sanyura won on time"]

1. e4 c5 2. Nf3 Nc6 3. d4 cxd4 4. Nxd4 Nf6 5. Nc3 e5 6. Ndb5 d6 7. Nd5 Nxd5 8. exd5 Nb8 9. a4 Be7 10. Be2 O-O 11.
O-O Nd7 12. a5 a6 13. Nc3 f5 14.
f4 Bf6 15. Bd2 exf4 16. Bxf4 Nc5 17. Bc4 g5 18. Be3 Qc7 19. Kh1 Bd7 20. Bd4 Rae8 21. Bxf6 Rxf6 22. Qh5 Rg6 23. Rae1 Rxe1 24. Rxe1 Qd8 25. Qe2 Rg7 26. b4 Na4 27. Nxa4 Bxa4 28. Qe6+ Rf7 29. Bd3 Qf6 30. h3 Kg7 31. Qc8 Bd7 32.
Qxb7 g4 33. Qb6 Qh4 34. Qd4+ Kh6 35. Rf1 f4 36. Rxf4 Qe1+ 37. Bf1 Qe7 38. Rxf7 Qxf7 39.
Qd2+ Kh5 40. Qd4 1-0

[Event "*** Titled Tuesday Blitz"]
[Site "Chess.com"]
[Date "2020.04.28"]
[Round "2"]
[White "svilson23"]
[Black "GianmarcoVaR"]
[Result "0-1"]
[WhiteElo "2215"]
[BlackElo "2560"]
[TimeControl "180+1"]
[EndTime "10:18:26 PDT"]
[Termination "GianmarcoVaR won on time"]

1. d4 Nf6 2. Bg5 Ne4 3. Bf4 d5 4. e3 c5 5. Bd3 Nf6 6. c3 Nc6 7. Nf3 Bg4 8. h3 Bh5 9. O-O e6 10. g4 Bg6 11. Ne5 Nxe5 12. Bxe5 Nd7 13. Bg3 Bxd3 14.
Qxd3 h5 15. Nd2 hxg4 16. hxg4 Qg5 17. Qe2 Nf6 18. f3 a6 19. Rae1 cxd4 20. exd4 O-O-O 21. Qe5 Qxe5 22. dxe5 Ng8 23. Nb3 Ne7 24. Kg2 Nc6 25. Bf2 Be7 26. f4 Bh4 27. Rh1 Bxf2 28. Kxf2 g5 29. Rxh8 Rxh8 30. f5 Rh2+ 31. Kg3 Rxb2 32.
fxe6 fxe6 33. Nc5 Nd8 34. Rf1 Rc2 35. Rf3 Kc7 36. Rf7+ Kb6 37. Nd7+ Kb5 38. Rf8 Rxc3+ 0-1

[Event "*** Titled Tuesday Blitz"]
[Site "Chess.com"]
[Date "2020.04.28"]
[Round "2"]
[White "AustrianFalcon"]
[Black "David_Paravyan"]
[Result "0-1"]
[WhiteElo "2579"]
[BlackElo "2956"]
[TimeControl "180+1"]
[EndTime "10:18:27 PDT"]
[Termination "David_Paravyan won by checkmate"]

1. e4 c5 2. Nf3 Nc6 3. Bb5 g6 4. O-O Bg7 5. Re1 e5 6. b4 Nxb4 7. Bb2 a6 8. a3 axb5 9. axb4 Rxa1 10. Bxa1 d6 11. bxc5 Ne7 12. Qe2 b4 13. Qc4 Nc6 14.
d4 exd4 15. Nxd4 Bxd4 16. Bxd4 Be6 17. Qb5 O-O 18. Be3 dxc5 19. Bxc5 Qg5 20. f4 Qxf4 21. Bxf8 Kxf8 22. Qc5+ Ke8 23. Qe3 Qxe3+ 24. Rxe3 Nd4 25.
c3 Nc2 26. Re2 Na3 27. Nxa3 bxa3 28. Kf2 Kd7 29. Ke3 Kc6 30. Kd4 Kb5 31. Re1 a2 32. Kd3 Ka4 33. Kc2 Ka3 34. Ra1 Bb3+ 35. Kc1 f6 36. g3 b5 37. h4 h5 38. Kd2 Kb2 39. Rc1 a1=Q 40. Rxa1 Kxa1 41. c4 Bxc4 42. Kc3 Kb1 43. e5 fxe5 44. g4 hxg4 45. h5 gxh5 46.
Kb4 g3 47. Kc3 g2 48. Kb4 g1=Q 49. Kc3 Qe1# 0-1

[Event "*** Titled Tuesday Blitz"]
[Site "Chess.com"]
[Date "2020.04.28"]
[Round "2"]
[White "Larina_Marija"]
[Black "adriangschnitzer"]
[Result "1/2-1/2"]
[WhiteElo "2170"]
[BlackElo "2413"]
[TimeControl "180+1"]
[EndTime "10:18:27 PDT"]
[Termination "Game drawn by repetition"]

1. e4 c6 2. d4 d5 3. Nd2 dxe4 4. Nxe4 Nf6 5. Nxf6+ exf6 6. c3 Bd6 7. Bd3 O-O 8.
Qc2 Re8+ 9. Ne2 h5 10. O-O h4 11. h3 Nd7 12. Bd2 Nf8 13. Rae1 Ne6 14. Kh1 Ng5 15.
Ng1 Bd7 16. Bf5 Qc7 17. Bxd7 Qxd7 18. f4 Ne6 19. Qf5 Qc7 20. Qg4 Re7 21. Qxh4 Rae8 22.
Re2 Nf8 23. Qf2 f5 24. g3 c5 25. Rxe7 Rxe7 26. Re1 Qc6+ 27. Kh2 Rxe1 28. Bxe1 cxd4 29.
Qxd4 Ne6 30. Qd2 Qa6 31. a3 Bc5 32. Nf3 Qc6 33. Ne5 Qe4 34. b4 Be3 35. Qd1 Nxf4 36. Qd8+ Kh7 37. Qh4+ Kg8 38. Qd8+ Kh7 39. Qh4+ Kg8 40.
Qd8+ 1/2-1/2

[Event "*** Titled Tuesday Blitz"]
[Site "Chess.com"]
[Date "2020.04.28"]
[Round "2"]
[White "Angel_Hranitel_37"]
[Black "gilbert_gm"]
[Result "1-0"]
[WhiteElo "2379"]
[BlackElo "2668"]
[TimeControl "180+1"]
[EndTime "10:18:28 PDT"]
[Termination "Angel_Hranitel_37 won on time"]

1. d4 Nf6 2. Nf3 g6 3. g3 Bg7 4. Bg2 O-O 5. O-O d6 6. Nc3 Nc6 7. d5 Nb8 8. e4 e5 9. dxe6 fxe6 10. e5 Ng4 11. exd6 cxd6 12. Nb5 d5 13. c4 Nc6 14. cxd5 exd5 15. Bg5 Nf6 16. Nfd4 h6 17. Bf4 g5 18. Bd6 Rf7 19. Ba3 Nxd4 20. Qxd4 Ne4 21. Qd3 Bf5 22. Rfd1 Nxf2 23. Qxd5 Nxd1 24. Rxd1 Qb6+ 25. Kh1 Be6 26. Qd6 Qxd6 27. Nxd6 Rd7 28. Bxb7 Rad8 29. Bc6 Rc7 30. Ba4 Bf8 31. Kg2 Bxa2 32. h4 gxh4 33. gxh4 Rg7+ 34. Kh3 Be6+ 35. Kh2 Rg4 36. Ne8 Rxh4+ 37. Kg2 Rxd1 38.
Bxd1 Bxa3 39. bxa3 1-0

[Event "*** Titled Tuesday Blitz"]
[Site "Chess.com"]
[Date "2020.04.28"]
[Round "2"]
[White "TengisChess"]
[Black "swimmerchess"]
[Result "0-1"]
[WhiteElo "2554"]
[BlackElo "2856"]
[TimeControl "180+1"]
[EndTime "10:18:29 PDT"]
[Termination "swimmerchess won by checkmate"]

1. Nf3 Nf6 2. c4 g6 3. Nc3 Bg7 4. g3 d6 5. Bg2 O-O 6. O-O e5 7.
d3 Nc6 8. Bg5 h6 9. Bxf6 Qxf6 10. Rb1 a5 11. Nd5 Qd8 12. a3 Ne7 13. Nxe7+ Qxe7 14. b4 axb4 15. axb4 c6 16. b5 d5 17. Nd2 Be6 18. bxc6 bxc6 19. cxd5 cxd5 20. Nb3 Rfb8 21. d4 exd4 22. Qd2 Rb4 23. Ra1 Rc8 24. Nc1 d3 25. Nxd3 Rbc4 26. Rac1 h5 27. h4 Qc7 28. Rb1 Rc2 29. Qd1 Bg4 30. Re1 Qc3 31. Nf4 d4 32. Nd5 Qc5 33. Qd3 Re8 34. Bf3 Bf5 35. Qb3 d3 36. Ne3 Rxe3 37. fxe3 Qxe3+ 38. Kg2 Bd4 39. Qb8+ Kg7 40. Qf4 Qf2+ 41. Kh1 dxe2 42. Bg2 Qxf4 43.
gxf4 Bf2 44. Bf3 Bxe1 45. Rxe1 Bg4 46. Kg2 Kf6 47. Be4 Rc4 48. Bd3 Rd4 49. Bxe2 Re4 50. Kf2 Rxe2+ 51. Rxe2 Bxe2 52. Kxe2 Kf5 53. Kf3 f6 54. Kg3 Ke4 55. f5 Kxf5 56. Kf3 g5 57. hxg5 fxg5 58. Kg3 h4+ 59. Kh3 Kf4 60. Kg2 g4 61.
Kh2 Kf3 62. Kg1 g3 63. Kf1 h3 64. Kg1 h2+ 65. Kh1 g2+ 66. Kxh2 Kf2 67. Kh3 g1=Q 68. Kh4 Qg6 69. Kh3 Qg3# 0-1

[Event "*** Titled Tuesday Blitz"]
[Site "Chess.com"]
[Date "2020.04.28"]
[Round "2"]
[White "yoolund"]
[Black "Izoria123"]
[Result "1/2-1/2"]
[WhiteElo "2543"]
[BlackElo "2809"]
[TimeControl "180+1"]
[EndTime "10:18:29 PDT"]
[Termination "Game drawn by repetition"]

1. d4 Nf6 2. Bg5 Ne4 3. Bf4 d6 4. Nd2 Nf6 5. e4 g6 6. Be2 Bg7 7. c3 O-O 8. Ngf3 b6 9. O-O Bb7 10. Qc2 Nbd7 11. a4 c5 12. a5 cxd4 13. a6 Bc6 14. cxd4 Rc8 15. Qb1 e5 16. Be3 d5 17.
Nxe5 Nxe5 18. dxe5 Nxe4 19. Nf3 Nc5 20. b4 Ne6 21. Rd1 Qe7 22. Qb2 Rfd8 23. Bd4 g5 24. h3 h5 25. Bc3 g4 26. hxg4 hxg4 27. Nd4 Qg5 28. Nxe6 fxe6 29. Qd2 Qxd2 30. Rxd2 Bd7 31. Bd4 g3 32. fxg3 Bh6 33. Rb2 Re8 34. Rf1 Bg5 35. Bh5 Rf8 36. Rbf2 Rxf2 37. Rxf2 Rf8 38.
Rxf8+ Kxf8 39. Be2 Bd2 40. b5 Bc8 41. Kf2 Kg7 42.
g4 Kg6 43. Kf3 Bc1 44. Bd3+ Kg7 45. Kg3 Kh6 46. Kf3 Kg7 47. Kg3 Kh6 48. Kf3 Kg7 1/2-1/2

[Event "*** Titled Tuesday Blitz"]
[Site "Chess.com"]
[Date "2020.04.28"]
[Round "2"]
[White "pooh2012"]
[Black "CarlosAlbornoz"]
[Result "1-0"]
[WhiteElo "2523"]
[BlackElo "2747"]
[TimeControl "180+1"]
[EndTime "10:18:29 PDT"]
[Termination "pooh2012 won by resignation"]

1. d4 Nf6 2. c4 c5 3. d5 b5 4. cxb5 a6 5. bxa6 g6 6. Nc3 Bg7 7. e4 O-O 8. Be2 Qa5 9. Bd2 Bxa6 10. Nf3 Bxe2 11. Qxe2 Qa6 12. Qxa6 Nxa6 13. Ke2 d6 14.
Rhb1 Rfb8 15. Ne1 Ng4 16. f3 Ne5 17. b3 Nb4 18. a3 Na6 19. Ra2 Nc7 20. b4 cxb4 21.
Rxb4 Nd7 22. Nd3 Rc8 23. Rb7 Ne5 24. Nxe5 Bxe5 25. Nb5 Nxb5 26. Rxb5 Ra4 27. g3 f5 28. Rb4 Rxb4 29. axb4 fxe4 30. fxe4 Kf7 31. Kd3 Bf6 32. Ra7 g5 33. b5 Rb8 34. Ra5 h5 35. Kc4 Rc8+ 36.
Kb3 Bd4 37. Ra6 Rc5 38. Ka4 Rc2 39. Bb4 Rxh2 40. b6 Ra2+ 41. Kb5 Rxa6 42. Kxa6 Bxb6 43. Kxb6 h4 44. gxh4 gxh4 45. Be1 h3 46. Bg3 Kf6 47. Kc6 Kg5 48. Kd7 Kg4 49. Bh2 Kf3 50. Kxe7 Kg2 51. Bxd6 h2 52. Bxh2 Kxh2 53. d6 1-0

[Event "*** Titled Tuesday Blitz"]
[Site "Chess.com"]
[Date "2020.04.28"]
[Round "2"]
[White "grunbergmihai"]
[Black "szefru"]
[Result "1-0"]
[WhiteElo "2411"]
[BlackElo "2124"]
[TimeControl "180+1"]
[EndTime "10:18:29 PDT"]
[Termination "grunbergmihai won by checkmate"]

1. Nf3 Nf6 2. c4 g6 3. g3 Bg7 4.
Bg2 O-O 5. O-O c6 6. d4 d5 7.
cxd5 cxd5 8. Ne5 Ng4 9. Nxg4 Bxg4 10. Nc3 Be6 11. Qb3 Nc6 12. Qxb7 Nxd4 13. Bg5 Re8 14. Rad1 h6 15. Bf4 g5 16. Be3 Nf5 17. Nxd5 Qa5 18. Bd2 Bxd5 19. Bxd5 Qd8 20. Bc3 Rb8 21. Qxa7 Nd6 22.
Bxg7 Kxg7 23. b3 Nb5 24. Qe3 Qa5 25. Bc4 Nd6 26. Qd4+ Kg8 27. a4 Rb4 28. Qd5 Nxc4 29. bxc4 Qxa4 30. c5 Rc4 31. Rc1 Rd4 32. Qb7 Rd7 33. Qb2 Rc7 34. Qe5 Rec8 35. Rc3 Qb5 36. Rfc1 e6 37. Qf6 Kh7 38. Qe5 Kg6 39. e3 Rc6 40.
Kg2 f6 41. Qd4 Qb2 42. R1c2 Qb5 43. h4 Ra8 44. hxg5 hxg5 45. Qe4+ Kf7 46. Rd2 Ra1 47. Qh7+ Ke8 48. Qg8+ Ke7 49. Qg7+ Ke8 50. Qd7+ Kf8 51. Qd8+ Kf7 52. Rd7+ Kg6 53. Qg8+ Kf5 54. Qh7+ Ke5 55. f4+ gxf4 56. gxf4# 1-0

[Event "*** Titled Tuesday Blitz"]
[Site "Chess.com"]
[Date "2020.04.28"]
[Round "2"]
[White "DonBroca"]
[Black "smshk35"]
[Result "0-1"]
[WhiteElo "2030"]
[BlackElo "2374"]
[TimeControl "180+1"]
[EndTime "10:18:29 PDT"]
[Termination "smshk35 won by resignation"]

1. e4 c5 2. Nf3 Nc6 3. d4 cxd4 4. Nxd4 e5 5. Nb5 d6 6. N1c3 a6 7. Na3 Be7 8. Be2 b5 9. Nd5 Nf6 10. Bg5 Nxe4 11. Be3 Nf6 12. Bb6 Qd7 13. Nc7+ Kf8 14. Nxa8 Qb7 15. Be3 Qxa8 16. O-O Bb7 17. c3 h6 18. Bf3 g5 19. Nc2 Rg8 20. a4 g4 21. Be2 bxa4 22. Bxh6+ Ke8 23. Rxa4 Rg6 24.
Be3 Nd8 25. f3 Nd5 26. Bc1 g3 27. hxg3 Rxg3 28. Rg4 Rxg4 29. fxg4 Ne6 30. Bf3 Bg5 31. Bxg5 Nxg5 32. Qd2 Nf4 33. Bxb7 Qxb7 34. Ne3 Ne4 35. Qc2 Ng3 36. Rf2 Qe7 37. Nf5 Qf8 38. Nxg3 Qh6 39. Rxf4 Qxf4 40. Qf2 Qc1+ 41. Nf1 Ke7 42. Qe3 Qxb2 43.
Qg5+ f6 44. Qg8 Qxc3 45. Qg7+ Ke6 46. Qb7 Qc5+ 47. Kh1 Qf2 48. Qc8+ Ke7 49. Qc1 Qh4+ 50. Kg1 Qxg4 51. Qc7+ Ke8 52. Qc8+ Qxc8 0-1

[Event "*** Titled Tuesday Blitz"]
[Site "Chess.com"]
[Date "2020.04.28"]
[Round "2"]
[White "Murad_Ibrahimli"]
[Black "skoularikii"]
[Result "0-1"]
[WhiteElo "2754"]
[BlackElo "2528"]
[TimeControl "180+1"]
[EndTime "10:18:30 PDT"]
[Termination "skoularikii won on time"]

1. d4 Nf6 2. c4 c6 3. Nc3 d5 4. Nf3 e6 5. Bg5 h6 6. Bxf6 Qxf6 7. g3 Qd8 8. Bg2 Be7 9. O-O O-O 10. Qd3 Nd7 11.
e4 dxc4 12. Qxc4 Nf6 13. Rad1 Qa5 14. a3 b5 15. Qe2 Ba6 16. Qc2 b4 17. axb4 Qxb4 18.
Rfe1 Rab8 19. Rd2 Bc4 20. Ne5 Rfc8 21. Nxc4 Qxc4 22. Ra1 Rb7 23. Ra4 Bb4 24. Bf3 e5 25. dxe5 Nd7 26. Rxd7 Rxd7 27. Bg4 Rcd8 28. Bxd7 Rxd7 29.
Ra1 a5 30. Rc1 Rd3 31. h4 Bxc3 32. bxc3 a4 33. Ra1 Rxc3 34. Qxa4 Qe2 35. e6 fxe6 36. e5 Qxe5 37. Rf1 Kh7 38. Qg4 Qf5 39. Qe2 Rc2 40. Qd1 c5 41. Qd6 c4 42. Qd4 c3 43. Kg2 Qd5+ 44. Qxd5 exd5 45. Kf3 Rd2 46. Rc1 d4 47. Ke4 c2 48. f4 d3 0-1

[Event "*** Titled Tuesday Blitz"]
[Site "Chess.com"]
[Date "2020.04.28"]
[Round "2"]
[White "Stormeman100100"]
[Black "GukeshDommaraju"]
[Result "0-1"]
[WhiteElo "2505"]
[BlackElo "2761"]
[TimeControl "180+1"]
[EndTime "10:18:30 PDT"]
[Termination "GukeshDommaraju won by resignation"]

1. e4 c5 2. Nf3 Nc6 3. Nc3 e5 4. Bc4 Be7 5. d3 d6 6. O-O Nf6 7. Ng5 O-O 8. f4 exf4 9. Bxf4 h6 10. Nf3 Be6 11. Bb3 d5 12. exd5 Nxd5 13. Nxd5 Bxd5 14. Kh1 Bf6 15. c3 Bxb3 16. Qxb3 b6 17. Rad1 Qd7 18. d4 cxd4 19. cxd4 Na5 20. Qe3 Qd5 21. Ne5 Rad8 22. h3 Rfe8 23. Bxh6 gxh6 24. Qg3+ Bg7 25.
Rxf7 Qxe5 26. dxe5 Rxd1+ 27. Kh2 Kxf7 28. Qf3+ Ke6 29. Qxd1 Bxe5+ 30. Kg1 Bxb2 31. Qg4+ Kd6 32. Qg6+ Re6 33. Qd3+ Kc5 34. Qc2+ Nc4 35. Qa4 Re1+ 36. Kf2 Re7 37. Kg1 Bd4+ 38. Kh2 a5 39. Qd1 Re3 40. Qh5+ Be5+ 41. Kg1 Kb4 42. Qxh6 Bg3 43. Qf8+ Nd6 44. h4 Re1+ 45. Qf1 Rxf1+ 46. Kxf1 Bxh4 47. g3 Bxg3 48.
Kg2 Ka3 0-1

[Event "*** Titled Tuesday Blitz"]
[Site "Chess.com"]
[Date "2020.04.28"]
[Round "2"]
[White "turayev_shahruh17"]
[Black "vizumatv4hoda"]
[Result "0-1"]
[WhiteElo "2503"]
[BlackElo "2756"]
[TimeControl "180+1"]
[EndTime "10:18:30 PDT"]
[Termination "vizumatv4hoda won by resignation"]

1. e4 c5 2. Nc3 Nc6 3. Bb5 Nd4 4.
Bc4 g6 5. Nge2 Bg7 6. Nxd4 cxd4 7. Qf3 Nf6 8. Ne2 d5 9. exd5 O-O 10. h3 b5 11. Bxb5 Nxd5 12. Bc6 Nb4 13. Be4 Rb8 14. a3 Na6 15. O-O Nc5 16. Bd5 d3 17. cxd3 Ba6 18.
Bc4 Nb3 19. Rb1 Qb6 20. Nc3 Nd4 21. Qe3 Bxc4 22. dxc4 Qb3 23. Nd5 Qc2 24. Nc3 Nf5 25.
Qe4 Qb3 26. Nd5 e6 27. Ne3 Nd4 28. d3 Qa2 29. Bd2 Rxb2 30. Rxb2 Qxb2 31. Bb4 Rd8 32. Nd1 Qe2 33. Re1 Qc2 34. Ne3 Qb3 35. Qb7 Qxd3 36.
Qxa7 Ne2+ 37. Kh1 Bd4 38. Rd1 Bxa7 39. Rxd3 Rxd3 40. Ng4 Kg7 41. g3 f6 42. Be7 Bd4 43. Kg2 h5 44. Nh2 Rc3 45. Kf1 Nc1 46. Nf3 Rxf3 0-1

[Event "*** Titled Tuesday Blitz"]
[Site "Chess.com"]
[Date "2020.04.28"]
[Round "2"]
[White "bascheyaro"]
[Black "lolo9292"]
[Result "0-1"]
[WhiteElo "2676"]
[BlackElo "2469"]
[TimeControl "180+1"]
[EndTime "10:18:30 PDT"]
[Termination "lolo9292 won by checkmate"]

1. d4 Nf6 2. c4 g6 3. Nf3 d6 4. Bf4 Bg7 5. e3 O-O 6. Nc3 b6 7. Be2 Bb7 8. O-O Nbd7 9. d5 c6 10.
dxc6 Bxc6 11. Nd4 Bb7 12. Bg3 Rc8 13. Rc1 a6 14. b3 Rc7 15. Bf3 Qa8 16. h3 Rfc8 17.
Bxb7 Rxb7 18. Nd5 Nxd5 19. cxd5 Bxd4 20. Qxd4 Rbc7 21. Rxc7 Rxc7 22. e4 f6 23. f4 Rc5 24.
b4 Rc2 25. e5 Qc8 26. exd6 exd6 27. f5 Rc4 28. Qd3 Rc3 29. Qe4 Rxg3 30. Qe6+ Kh8 31.
fxg6 Rxg6 32. Qxd6 Qe8 33. Qe6 Qc8 34. Rf2 b5 35. d6 f5 36. Qxf5 Rxd6 37. Qf7 Qg8 38. Qe7 Rd1+ 39. Kh2 Qb8+ 40. g3 Qa8 41. Rg2 Qf8 42. Qe6 Rd6 43. Qe2 Nf6 44. Rf2 Rc6 45. Qe5 Qd6 46. Qg5 Qe6 47. Qf4 Kg7 48. Qg5+ Kf7 49.
a3 Rc3 50. Qh6 Ke7 51. Qg7+ Qf7 52. Qg5 Rc6 53. Re2+ Kd7 54. Rc2 Rxc2+ 55. Kh1 Qd5+ 56. Kg1 Qxg5 57. Kh1 Qc1# 0-1

[Event "*** Titled Tuesday Blitz"]
[Site "Chess.com"]
[Date "2020.04.28"]
[Round "2"]
[White "DrVitman"]
[Black "Vespasian23"]
[Result "1-0"]
[WhiteElo "2566"]
[BlackElo "2262"]
[TimeControl "180+1"]
[EndTime "10:18:30 PDT"]
[Termination "DrVitman won by checkmate"]

1. e4 c5 2. Nc3 Nc6 3. Bb5 d6 4. Bxc6+ bxc6 5. d3 e5 6. Bd2 Be7 7. Nge2 Nf6 8. O-O O-O 9. f4 exf4 10. Bxf4 d5 11. Ng3 Bg4 12. Qd2 Qb6 13. Rab1 c4+ 14. d4 c5 15. e5 cxd4 16. Na4 Qc6 17. exf6 Bxf6 18. b3 d3 19. cxd3 c3 20. Qc2 d4 21.
Rbe1 Rfe8 22. Nb2 a5 23. Nc4 a4 24. Nd6 Re6 25. Rxe6 Bxe6 26. b4 a3 27. Re1 Be7 28.
Nge4 Bd5 29. b5 Qd7 30. h3 Bxe4 31. Nxe4 Qxb5 32. Rb1 Qd7 33. Qe2 f5 34. Ng3 g6 35.
Be5 Bc5 36. Qf2 Re8 37. Bf4 Re3 38. Bxe3 dxe3 39. Qe2 f4 40. Nf1 Ba7 41. Rc1 Qd4 42. Kh1 g5 43. Nh2 h5 44. Qxh5 Qxd3 45. Qxg5+ Kf7 46.
Qh5+ Ke6 47. Qg4+ Ke5 48. Nf3+ Kd5 49. Qg5+ Ke4 50. Qe5# 1-0

[Event "*** Titled Tuesday Blitz"]
[Site "Chess.com"]
[Date "2020.04.28"]
[Round "2"]
[White "Pavalamalli"]
[Black "martinique24"]
[Result "1-0"]
[WhiteElo "2253"]
[BlackElo "2430"]
[TimeControl "180+1"]
[EndTime "10:18:30 PDT"]
[Termination "Pavalamalli won on time"]

1. e4 c6 2. d4 d5 3. exd5 cxd5 4. Bf4 Nc6 5. c3 Nf6 6. h3 g6 7. Nf3 Bg7 8. Nbd2 O-O 9. Be2 Ne4 10. O-O Bf5 11. Re1 Nxd2 12. Qxd2 a6 13. Bf1 b5 14. g4 Bd7 15. Bg2 Rc8 16. Bh6 a5 17. Bxg7 Kxg7 18. Ne5 Nxe5 19. Rxe5 e6 20. Rae1 Qb6 21.
Rh5 Rh8 22. Qh6+ Kg8 23. Rhe5 b4 24. R5e3 bxc3 25. bxc3 a4 26. Rc1 a3 27. Ree1 Qb2 28.
Rb1 Qxa2 29. Rb7 Bc6 30. Ra7 Qb2 31. Qf4 Be8 32. Bxd5 Qxc3 33. Re3 Qc1+ 34. Kg2 Bc6 35. Bxc6 Qxc6+ 36. Rf3 Rf8 37. Rxf7 Qxf3+ 38. Qxf3 Rxf7 39. Qa8+ Kg7 40. Qxa3 Rd8 41. Qe3 Rfd7 42. Qe5+ 1-0

[Event "*** Titled Tuesday Blitz"]
[Site "Chess.com"]
[Date "2020.04.28"]
[Round "2"]
[White "Alexander_Zubov"]
[Black "IMRosen"]
[Result "1-0"]
[WhiteElo "2855"]
[BlackElo "2553"]
[TimeControl "180+1"]
[EndTime "10:18:31 PDT"]
[Termination "Alexander_Zubov won by resignation"]

1. d4 d5 2. Nf3 Nf6 3. c4 e6 4. Nc3 Be7 5. Bf4 O-O 6. e3 b6 7. Rc1 Bb7 8. a3 a6 9. cxd5 exd5 10. Bd3 Nbd7 11. O-O Re8 12. Ne5 Nf8 13. Bg3 c5 14. f4 Rc8 15. Kh1 b5 16. Bh4 Qb6 17. Bf5 Rcd8 18.
Bxf6 Bxf6 19. Ne2 c4 20. g4 g6 21. Bb1 a5 22. Ng3 b4 23. axb4 axb4 24. g5 Bg7 25. h4 Ra8 26. h5 Bxe5 27. fxe5 c3 28. Qf3 Re7 29. bxc3 bxc3 30. Rxc3 Qe6 31. Kg2 Ba6 32. Rf2 Rb8 33. Bd3 Bc8 34. Ne2 Rb2 35. Nf4 Qg4+ 36. Qxg4 Bxg4 37. hxg6 Rxf2+ 38. Kxf2 Be6 39. gxh7+ Nxh7 40. g6 fxg6 41. Bxg6 Nf8 42. Bd3 Bf7 43. Rc6 Ne6 44.
Nxd5 Re8 45. Nf6+ Kf8 46. Nxe8 Kxe8 47. d5 Nd8 48. Rc5 Nb7 49. Rb5 Nd8 50. e6 Bxe6 51.
dxe6 Nxe6 52. Re5 Kd7 53. Bf5 Kd6 1-0

[Event "*** Titled Tuesday Blitz"]
[Site "Chess.com"]
[Date "2020.04.28"]
[Round "2"]
[White "djamir"]
[Black "ZEN-22"]
[Result "1-0"]
[WhiteElo "2736"]
[BlackElo "2496"]
[TimeControl "180+1"]
[EndTime "10:18:31 PDT"]
[Termination "djamir won by resignation"]

1. d4 c5 2. e3 d5 3. Nf3 Nc6 4. c4 Nf6 5. Nc3 e6 6. a3 cxd4 7. Nxd4 Bc5 8. cxd5 Nxd5 9. Nb3 Bb6 10. Nxd5 exd5 11. Bd3 O-O 12. O-O Re8 13. Bd2 d4 14. e4 a5 15. Bf4 a4 16. Nd2 Ne5 17. Bxe5 Rxe5 18. Rc1 Be6 19. Re1 g6 20. Nc4 Rc5 21.
Nxb6 Qxb6 22. Rxc5 Qxc5 23. Qd2 Rc8 24. f3 Bb3 25. g3 Qb6 26. Kg2 Rc5 27. Rc1 Rxc1 28. Qxc1 Qd6 29. h4 b6 30. h5 Kg7 31. h6+ Kf8 32.
Qc8+ Ke7 33. f4 Be6 34. Qc2 Qc5 35. Qe2 Bb3 36. g4 f6 37. Qd2 Qd6 38. Kg3 g5 39. Kf3 Be6 40. fxg5 Qe5 41. gxf6+ Kxf6 42. Qf4+ Qxf4+ 43.
Kxf4 Kg6 44. g5 Kf7 45. Ke5 Bg4 46. Kf4 Bh5 47. Bc4+ Ke7 48. Ke5 Bg6 49. Kxd4 Kd6 50. e5+ Kc6 51. Bd3 b5 52. Bxg6 1-0

[Event "*** Titled Tuesday Blitz"]
[Site "Chess.com"]
[Date "2020.04.28"]
[Round "2"]
[White "CalinGheorghiu"]
[Black "Doraemon7"]
[Result "1-0"]
[WhiteElo "2332"]
[BlackElo "2626"]
[TimeControl "180+1"]
[EndTime "10:18:31 PDT"]
[Termination "CalinGheorghiu won by resignation"]

1. d4 Nf6 2. c4 e6 3. Nc3 Bb4 4. f3 c5 5. d5 O-O 6. e4 b5 7. e5 Ne8 8. f4 d6 9. Nf3 bxc4 10. Bxc4 dxe5 11. fxe5 Qb6 12. O-O Bxc3 13. bxc3 exd5 14. Bxd5 Bb7 15. c4 Nc7 16. Ng5 Nxd5 17. cxd5 Nd7 18. Qh5 Qg6 19. Qxg6 fxg6 20. Rxf8+ Rxf8 21. e6 Nf6 22.
d6 Rd8 23. Bf4 h6 24. Nf7 Ra8 25. Rd1 Nd7 26. exd7 Kxf7 27. Re1 Rd8 28. Re7+ Kf6 29. Bd2 Bc6 30. Bc3+ Kf5 31. Bxg7 Rxd7 32. Rxd7 Bxd7 33.
Bxh6 Ke4 34. Kf2 Kd3 35. Bg7 c4 36. Ke1 Kc2 37. h3 Bc6 38. g4 Bd7 39. Kf2 a5 40.
Kg3 a4 41. h4 Kd2 42. h5 gxh5 43. gxh5 c3 44. h6 c2 45. h7 c1=Q 46. Bh6+ Kc2 47.
Bxc1 1-0

[Event "*** Titled Tuesday Blitz"]
[Site "Chess.com"]
[Date "2020.04.28"]
[Round "2"]
[White "canhhuan"]
[Black "VALPARAISO37"]
[Result "1-0"]
[WhiteElo "2669"]
[BlackElo "2348"]
[TimeControl "180+1"]
[EndTime "10:18:31 PDT"]
[Termination "canhhuan won by resignation"]

1. e4 e5 2. Bc4 Nf6 3. d3 Bc5 4. Nc3 a6 5. f4 d6 6. Nf3 Nc6 7. a3 b5 8. Ba2 b4 9. axb4 Bxb4 10.
O-O Bc5+ 11. Kh1 Be6 12. fxe5 dxe5 13. Bg5 Bxa2 14. Rxa2 h6 15. Bxf6 Qxf6 16. Nd5 Qd8 17. Qa1 a5 18. b4 Nxb4 19. Qxe5+ Kf8 20. Nxb4 Bd6 21. Nc6 Bxe5 22. Nxd8 Bc3 23. Nc6 Ra6 24. Nfd4 g6 25. Ra3 Bd2 26. Ne5 Rh7 27. Rb3 Ke7 28.
Nec6+ Kf8 29. Rb8+ Kg7 30. e5 Bg5 31. e6 f5 32. e7 Bxe7 33. Nxe7 Kf6 34. Nec6 Rd7 35. h4 h5 36. Re1 Rd6 37. Rf8+ Kg7 38. Rc8 Rdxc6 39.
Nxc6 Rxc6 40. Re7+ Kf6 41. Rcxc7 Rb6 42. Rb7 Rc6 43.
Rec7 Rd6 44. Ra7 Rd5 45. Ra6+ Ke5 46. Rxg6 Kf4 47. Ra7 Rc5 48. Kh2 Rxc2 49. Rxa5 Rd2 50. Rg5 Rxd3 51. Raxf5+ Ke4 52. Rxh5 Ra3 53. Rd5 Kf4 54.
Rhf5+ Kg4 55. Rfe5 Kf4 56. Rg5 Ra2 57. Rdf5+ Ke4 58.
h5 Rb2 59. h6 Rb6 60. Rh5 Rb7 61. h7 Rxh7 62. Rxh7 Kxf5 63. Kg3 Kg5 64. Rh4 Kf5 65. Rg4 Ke5 66. Kf3 Kf5 67. g3 Ke5 68. Rg5+ 1-0